 Dungeon Crawl Stone Soup version 0.29.1-12-g30fa7ad0bf (webtiles) character file.

Game seed: 3550517540811882631

1074 Radix the Digger (level 8, 0/41 HPs)
             Began as a Gargoyle Earth Elementalist on Dec 20, 2022.
             Slain by a two-headed ogre
             ... wielding a +0 giant club
              (17 damage)
             ... on level 5 of the Dungeon.
             The game lasted 00:27:35 (4796 turns).

Radix the Digger (Gargoyle Earth Elementalist)      Turns: 4796, Time: 00:27:37

Health: 0/41       AC: 11    Str: 11    XL:     8   Next: 29%
Magic:  0/16       EV: 11    Int: 19    God:
Gold:   176        SH:  5    Dex: 10    Spells: 13/17 levels left

rFire   . . .      SeeInvis .   s - +1 flail
rCold   . . .      Faith    .   (no shield)
rNeg    + . .      Spirit   .   a - +1 robe
rPois   ∞          Reflect  +   (no helmet)
rElec   +          Harm     .   i - +2 cloak
rCorr   .          Rampage  .   (no gloves)
Will    .....                   (no boots)
Stlth   ++........              p - amulet of reflection
HPRegen 0.13/turn               (no ring)
MPRegen 0.15/turn               (no ring)

@: very slightly contaminated
A: sickness immunity, AC +5, negative energy resistance 1, electricity
resistance, torment resistance 1, petrification resistance
a: no special abilities


You were on level 5 of the Dungeon.
You visited 1 branch of the dungeon, and saw 5 of its levels.

You collected 176 gold pieces.

Inventory:

Hand Weapons
 d - a +0 dagger
 s - a +1 flail (weapon)
 t - a +0 whip
 u - a +4 shortbow
Armour
 a - a +1 robe (worn)
 i - a +2 cloak (worn)
Jewellery
 p - an amulet of reflection (around neck)
Wands
 r - a wand of iceblast (3) (quivered)
Scrolls
 f - a scroll of teleportation
 g - a scroll of enchant armour
 h - a scroll of identify
 k - a scroll of enchant weapon
 n - a scroll of blinking {unknown}
 o - a scroll of poison
Potions
 b - a potion of magic
 c - a potion of heal wounds
 e - a potion of curing
 j - a potion of invisibility {unknown}
 l - a potion of ambrosia {unknown}
 m - a potion of brilliance {unknown}


   Skills:
 - Level 1.5 Dodging
 - Level 2.1 Stealth
 + Level 5.4 Spellcasting
 + Level 5.3 Conjurations
 - Level 0.7 Transmutations
 + Level 7.7 Earth Magic


You had 13 spell levels left.
You knew the following spells:

 Your Spells              Type           Power      Damage    Failure   Level
a - Sandblast             Erth           68%        2d15      1%          1
b - Stone Arrow           Conj/Erth      60%        3d10      2%          3

Your spell library contained the following spells:

 Spells                   Type           Power      Damage    Failure   Level
 Passwall                 Tmut/Erth      17%        N/A       3%          2
 Apportation              Tloc           10%        N/A       12%         1
 Petrify                  Tmut/Erth      21%        N/A       22%         4
 Alistair's Intoxication  Tmut/Pois      4%         N/A       96%         5


Dungeon Overview and Level Annotations

Branches:
Dungeon (5/15)
 Temple: D:4-7

Altars:
Dithmenos
Gozag
Sif Muna
Trog
Xom


Innate Abilities, Weirdness & Mutations

You are immune to sickness and miasma.
Your stone body is resilient. (AC +5)
You are immune to poison.
You resist negative energy. (rN+)
You are resistant to electric shocks. (rElec)
You are resistant to unholy torment.
You are immune to petrification.


Message History

Press: ? - help, Shift-Dir - straight line, f/p - two-headed ogre
Aim: a two-headed ogre, wielding two +0 giant clubs (lightly wounded, 88% to hit)
The stone arrow hits the two-headed ogre!!
The two-headed ogre is heavily wounded.
Casting: Stone Arrow (dangerous; 2% risk of failure)
Confirm with . or Enter, or press ? or * to list all spells.
Aiming: Stone Arrow (dangerous; 2% risk of failure)
Press: ? - help, Shift-Dir - straight line, f/p - two-headed ogre
Aim: a two-headed ogre, wielding two +0 giant clubs (heavily wounded, 88% to hit)
The stone arrow hits the two-headed ogre!
The two-headed ogre is severely wounded.
The two-headed ogre closely misses you.
The two-headed ogre hits you with a +0 giant club!
Casting: Stone Arrow (dangerous; 2% risk of failure)
Confirm with . or Enter, or press ? or * to list all spells.
Aiming: Stone Arrow (dangerous; 2% risk of failure)
Press: ? - help, Shift-Dir - straight line, f/p - two-headed ogre
Aim: a two-headed ogre, wielding two +0 giant clubs (severely wounded, 88% to hit)
You miscast Stone Arrow.
You are very lightly contaminated with residual magic.
Nothing appears to happen.
Casting: Stone Arrow (dangerous; 2% risk of failure)
Confirm with . or Enter, or press ? or * to list all spells.
Aiming: Sandblast (safe; 1% risk of failure)
Press: ? - help, Shift-Dir - straight line, f/p - two-headed ogre
Aim: a two-headed ogre, wielding two +0 giant clubs (severely wounded, 92% to hit)
The blast of sand hits the two-headed ogre!
The two-headed ogre is almost dead.
The two-headed ogre hits you with a +0 giant club.
The two-headed ogre barely misses you.
Casting: Sandblast (safe; 1% risk of failure)
Confirm with . or Enter, or press ? or * to list all spells.
Aiming: Sandblast (safe; 1% risk of failure)
Press: ? - help, Shift-Dir - straight line, f/p - two-headed ogre
Aim: a two-headed ogre, wielding two +0 giant clubs (almost dead, 92% to hit)
The blast of sand hits the two-headed ogre.
The two-headed ogre is almost dead.
The two-headed ogre hits you with a +0 giant club.
The two-headed ogre hits you with a +0 giant club!
You die...

.#....# .#....+
'....# ..#
######....# ..#
#......)).###..
#.........#...
#.).....)†#..
###+##..O...)).#.#
.......@.##†####.#
.........#.......#
.........#.......#
.o.......#..####.#
###'###'##..# #.#
... ....... ...
... ....... ....
.. ....... .....
..............#


You could see a two-headed ogre and an orc.

Vanquished Creatures
  Menkaure (D:4)
  An ice beast (D:5)
  2 centaurs
  Blork the orc (D:4)
  A scorpion (D:5)
  A necrophage (D:4)
  3 hounds
  2 jellies
  A gnoll bouda (D:5)
  An iguana (D:4)
  An orc wizard (D:3)
  6 adders
  5 gnolls
  2 worms (D:2)
  5 dart slugs
  6 orcs
  10 ball pythons
  8 endoplasms
  3 giant cockroaches
  8 goblins
  7 hobgoblins
  8 jackals
  2 quokkas
  6 bats
  2 frilled lizards
  4 kobolds
  2 rats
99 creatures vanquished.

Vanquished Creatures (collateral kills)
  A scorpion (D:5)
  2 gnolls (D:5)
3 creatures vanquished.

Grand Total: 102 creatures vanquished

Notes
Turn   | Place    | Note
-------+----------+-------------------------------------------
     0 | D:1      | Radix the Gargoyle Earth Elementalist began the quest for
                  | the Orb.
     0 | D:1      | Reached XP level 1. HP: 10/10 MP: 3/3
    10 | D:1      | You fall into a shaft and drop 1 floor!
   266 | D:2      | Reached skill level 4 in Earth Magic
   266 | D:2      | Reached XP level 2. HP: 13/15 MP: 0/5
   330 | D:2      | Reached XP level 3. HP: 15/19 MP: 3/6
   602 | D:2      | Learned a level 3 spell: Stone Arrow
   764 | D:2      | Reached XP level 4. HP: 24/24 MP: 6/8
  1463 | D:1      | Reached skill level 1 in Conjurations
  1584 | D:1      | Found a faded altar of an unknown god.
  2046 | D:1      | Reached skill level 5 in Earth Magic
  2127 | D:3      | Found an opulent altar of Gozag.
  2241 | D:3      | Reached XP level 5. HP: 24/28 MP: 1/10
  3319 | D:4      | Found a shadowy altar of Dithmenos.
  3320 | D:4      | Found a shimmering blue altar of Sif Muna.
  3320 | D:4      | Found a shimmering altar of Xom.
  3322 | D:4      | Found a bloodstained altar of Trog.
  3411 | D:4      | Noticed Menkaure
  3415 | D:4      | Killed Menkaure
  3416 | D:4      | Reached XP level 6. HP: 28/32 MP: 7/12
  3504 | D:4      | Reached skill level 6 in Earth Magic
  3708 | D:4      | Noticed Blork the orc
  3714 | D:4      | Killed Blork the orc
  3715 | D:4      | Reached XP level 7. HP: 24/36 MP: 10/13
  4395 | D:5      | Entered Level 5 of the Dungeon
  4405 | D:5      | Reached skill level 7 in Earth Magic
  4412 | D:5      | Reached skill level 5 in Spellcasting
  4633 | D:5      | Reached XP level 8. HP: 28/41 MP: 4/15
  4649 | D:5      | Reached skill level 5 in Conjurations
  4784 | D:5      | Noticed a two-headed ogre
  4796 | D:5      | Slain by a two-headed ogre

Illustrated notes

Levels and vault maps discovered:
D:1:      minmay_arrival_hallway, layout_loops_ring,
          shapermc_ecumenical_altar_starsandcircs
D:2:      layout_loops_corners, nicolae_elevator_lobby_plus
D:3:      layout_basic, mainiacjoe_overflow_six_doors_small
D:4:      layout_loops_ring, grunt_temple_overflow_open, kennysheep_nub,
          kennysheep_generic_room_13, uniq_menkaure, uniq_blork_the_orc
D:5:      layout_gridville, tso_metal_star, jmf_multi_god_temple, serial_shops,
          kennysheep_mini, nicolae_shop_hallway_stairs, nicolae_take_the_stairs,
          nicolae_stop_n_shop_1, chequers_serial_rivers_large_a,
          minmay_manual_macuahuitl, uniq_duvessa

Skill      XL: |  1  2  3  4  5  6  7  8 |
---------------+-------------------------+-----
Earth Magic    | 4 5 6 7 |  7.7
Spellcasting   | 3 4 5 |  5.4
Conjurations   | 1 3 4 5 |  5.3
Dodging        | |  1.5
Stealth        | |  2.1
Transmutations | |  0.7

Action                   |  1- 3 |  4- 6 |  7- 9 || total
-------------------------+-------+-------+-------++-------
Melee: Unarmed           |     8 |       |       ||     8
       Dagger            |       |     4 |       ||     4
       Flail             |       |       |     5 ||     5
 Fire: Shortbow          |       |       |     4 ||     4
 Cast: Sandblast         |    29 |    81 |    37 ||   147
       Stone Arrow       |       |     2 |    11 ||    13
Evoke: Wand              |       |     2 |     2 ||     4
  Use: Scroll            |       |       |     7 ||     7
       Potion            |       |       |     3 ||     3
Armor: Robe              |     2 |    10 |    22 ||    34
Dodge: Dodged            |    11 |    12 |    45 ||    68
Block: Other             |       |     1 |    19 ||    20
       Reflection        |       |       |     1 ||     1
